 Dungeon Crawl Stone Soup version 0.30-a0-715-gdb4ae3ece1 (webtiles) character file.

Game seed: 16609019702563171243

1121 Newt the Skirmisher (level 8, 0/49 HPs)
             Began as a Kobold Hunter on Jan 24, 2023.
             Slain by a sky beast (5 damage)
             ... on level 6 of the Dungeon.
             The game lasted 00:05:50 (6424 turns).

Newt the Skirmisher (Kobold Hunter)                 Turns: 6424, Time: 00:05:50

Health: 0/49       AC:  3    Str:  9    XL:     8   Next: 61%
Magic:  8/8        EV: 17    Int: 10    God:
Gold:   332        SH:  0    Dex: 20    Spells: 7/7 levels left

rFire   . . .      SeeInvis .    a - +2 shortbow
rCold   . . .      Faith    .    (shield currently unavailable)
rNeg    . . .      Spirit   .    c - +0 leather armour
rPois   .          Reflect  .    (no helmet)
rElec   .          Harm     .    m - scarf {repulsion}
rCorr   .          Rampage  .    (no gloves)
Will    .....                    (no boots)
Stlth   +++                      (no amulet)
HPRegen 0.28/turn                (no ring)
MPRegen 0.11/turn                (no ring)

@: marked, studying Stealth, repel missiles
A: small, no large weapons, nightstalker 3
a: no special abilities


You were on level 6 of the Dungeon.
You visited 2 branches of the dungeon, and saw 7 of its levels.

You collected 332 gold pieces.

Inventory:

Hand Weapons
 a - a +2 shortbow (weapon)
Missiles
 w - 2 throwing nets
Armour
 c - a +0 leather armour (worn)
 m - a scarf of repulsion (worn)
 o - a +1 buckler
Jewellery
 p - a ring of positive energy
 q - a ring of wizardry
Wands
 g - a wand of mindburst (8)
Scrolls
 b - a scroll of immolation
 d - 2 scrolls of vulnerability
 h - 5 scrolls of teleportation
 r - 3 scrolls of enchant armour
 s - a scroll of identify
 t - 2 scrolls of fog {unknown}
 v - a scroll of magic mapping {unknown}
 x - 3 scrolls of butterflies {unknown}
Potions
 e - a potion of resistance
 f - a potion of degeneration
 i - a potion of lignification {unknown}
 j - 4 potions of haste {unknown}
 k - 2 potions of heal wounds {unknown}
 l - 2 potions of magic
 n - a potion of attraction {unknown}
 u - a potion of flight {unknown}


   Skills:
 - Level 5.0 Fighting
 - Level 9.0 Ranged Weapons
 - Level 4.0 Armour
 - Level 5.0 Dodging
 - Level 1.3 Stealth
 + Level 2.5 Evocations


You had 7 spell levels left.
You didn't know any spells.
Your spell library contained the following spells:

 Spells                   Type           Power      Damage    Failure   Level
 Apportation              Tloc           0%         N/A       45%         1
 Kiss of Death            Conj/Necr      0%         2d5       45%         1
 Gell's Gravitas          Tloc           0%         N/A       83%         3
 Ignite Poison            Fire/Tmut/Pois 0%         N/A       83%         3
 Kindle Blastsparks       Fire/Tloc/Air  0%         2d10      83%         3
 Teleport Other           Tloc           0%         N/A       83%         3
 Alistair's Intoxication  Tmut/Pois      0%         N/A       100%        5
 Freezing Cloud           Conj/Ice/Air   0%         6-21      100%        5
 Dispersal                Tloc           0%         N/A       100%        6


Dungeon Overview and Level Annotations

Branches:
Dungeon (6/15)             Temple (1/1) D:5

Altars:
Ashenzari
Fedhas
Kikubaaqudgha
Makhleb
Sif Muna
Trog
Uskayaw
Vehumet
Xom
The Shining One

Annotations:
D:5 1 runed translucent door, Strat's ghost, amateur HORe


Innate Abilities, Weirdness & Mutations

You are small and have problems with some larger weapons.
You are completely attuned to the shadows.


Message History

You shoot an arrow.
The arrow hits the iguana but does no damage.
You shoot an arrow. The arrow hits the iguana!
You kill the iguana!
No target in view!
No target in view!
No target in view!
No target in view!
No target in view!
No target in view!
No target in view!
No target in view!
There is a strange disturbance nearby!
There is a strange disturbance nearby!
No target in view!
Unknown command.
You shoot an arrow.
An ice beast comes into view.
Something hits you. Something shocks you.
You shoot an arrow. Something hits you but does no damage.
A hound comes into view.
Something hits you but does no damage.
You shoot an arrow. The arrow closely misses the ice beast.
The arrow hits the hound.
The hound is lightly wounded.
Something hits you. Something shocks you. The ice beast hits you.
The ice beast freezes you!
You shoot an arrow. The arrow barely misses the ice beast.
The hound misses you. The ice beast completely misses you.
Something hits you but does no damage. The hound bites you.
You shoot an arrow. The arrow hits the ice beast.
The ice beast is lightly wounded.
The hound completely misses you. The ice beast hits you.
* * * LOW HITPOINT WARNING * * *
The ice beast freezes you.
* * * LOW HITPOINT WARNING * * *
Something hits you.
* * * LOW HITPOINT WARNING * * *
Something shocks you.
You die...

..... #≈.≈#
###≈.≈###
≈≈≈≈.≈≈≈≈
#...{...
#..@....
#..Yh...
###†....
###.....
#.......
#.......
..##.......
...#.#.....
...........


You could see an ice beast and a hound.

Vanquished Creatures
  Edmund (D:4)
  An ice beast (D:3)
  A scorpion (D:6)
  A bullfrog (D:6)
  2 necrophages
  A howler monkey (D:5)
  A hound (D:4)
  2 orc priests
  A jelly (D:5)
  3 iguanas
  8 orc wizards
  Robin (D:3)
  4 gnolls (D:5)
  6 adders
  A shadow imp (D:5)
  A white imp (D:6)
  An ufetubus (D:4)
  An adder skeleton (D:2)
  An adder zombie (D:2)
  2 worms
  4 dart slugs
  13 orcs
  3 bats (D:2)
  A bat zombie (D:2)
  11 endoplasms
  3 giant cockroaches
  14 goblins
  6 hobgoblins
  4 jackals (D:2)
  7 kobolds
  6 ball pythons
  A ball python skeleton (D:2)
  3 frilled lizards
  A jackal skeleton (D:2)
  2 quokka skeletons (D:2)
  6 rats
125 creatures vanquished.

Vanquished Creatures (others)
  38 plants
38 creatures vanquished.

Grand Total: 163 creatures vanquished

Notes
Turn   | Place    | Note
-------+----------+-------------------------------------------
     0 | D:1      | Newt the Kobold Hunter began the quest for the Orb.
     0 | D:1      | Reached XP level 1. HP: 12/12 MP: 1/1
   213 | D:1      | Reached XP level 2. HP: 18/18 MP: 2/2
   617 | D:1      | Reached XP level 3. HP: 23/23 MP: 3/3
  1108 | D:2      | Reached XP level 4. HP: 30/30 MP: 4/4
  1595 | D:3      | Reached skill level 5 in Fighting
  1595 | D:3      | Reached XP level 5. HP: 35/35 MP: 5/5
  1940 | D:3      | Noticed an ice beast
  1952 | D:3      | Killed an ice beast
  1953 | D:3      | Reached skill level 7 in Ranged Weapons
  1953 | D:3      | Reached XP level 6. HP: 17/40 MP: 6/6
  2220 | D:3      | Found a faded altar of an unknown god.
  2309 | D:3      | Found a glowing golden altar of the Shining One.
  2700 | D:4      | Noticed Robin
  2948 | D:3      | Killed Robin
  3218 | D:4      | Reached skill level 8 in Ranged Weapons
  3682 | D:4      | Found a radiant altar of Vehumet.
  3689 | D:4      | Reached XP level 7. HP: 43/44 MP: 7/7
  3757 | D:4      | HP: 2/44 [something (1)]
  3762 | D:4      | Reached skill level 9 in Ranged Weapons
  4251 | D:4      | Got Vehumet's Octavo of Conjuration
  4258 | D:4      | Found an ancient bone altar of Kikubaaqudgha.
  4269 | D:4      | Found a shimmering blue altar of Sif Muna.
  4407 | D:4      | Found a bloodstained altar of Trog.
  4477 | D:4      | Noticed Edmund
  4484 | D:4      | Killed Edmund
  4520 | D:4      | Found a blossoming altar of Fedhas.
  4561 | D:5      | Entered Level 5 of the Dungeon
  4647 | D:5      | Reached skill level 5 in Dodging
  4660 | D:5      | Reached skill level 1 in Armour
  4660 | D:5      | Reached XP level 8. HP: 49/49 MP: 8/8
  4700 | D:5      | Identified the +2 pair of gloves of the Gloaming {rF+}
  4751 | D:5      | Found a shimmering altar of Xom.
  4798 | D:5      | Found a staircase to the Ecumenical Temple.
  4811 | Temple   | Entered the Ecumenical Temple
  4845 | D:5      | Found a runed translucent door.
  5740 | D:5      | Found a burning altar of Makhleb.
  6140 | D:5      | Noticed Strat's ghost (amateur HORe)
  6267 | D:6      | Found a hide-covered altar of Uskayaw.
  6424 | D:6      | Slain by a sky beast

Illustrated notes

Levels and vault maps discovered:
D:1:      enne_arrival_octagon_isle, layout_loops_ring,
          minmay_misc_feat_ornament, nrook_loot_triangle
D:2:      layout_rooms, serial_undead, serial_undead_d, serial_undead_c,
          serial_undead_c, serial_undead_c, kennysheep_generic_room_16
D:3:      layout_loops_ring, nicolae_tso_swordbearing_angel,
          basic_ecumenical_altar, serial_bayou_lagoon_a, supply_closet_lemuel
D:4:      layout_basic, palyth_temple_overflow_mages,
          mainiacjoe_overflow_alcove_4, bloody_trog, uniq_edmund, uniq_robin
D:5:      layout_basic, kennysheep_mini,
          mainiacjoe_overflow_concentric_impassable,
          minmay_temple_entry_gardened_gates, ebering_ghost_sewer_d
D:6:      layout_basic, nicolae_overflow_crystal_walls,
          nicolae_uskayaw_suspiria, nicolae_overflow_two_pavilions
Temple:   ebering_the_one_and_only

Skill      XL: |  1  2  3  4  5  6  7  8 |
---------------+-------------------------+-----
Fighting       | 3 4 5 |  5.0
Ranged Weapons | 7 8 9 |  9.0
Dodging        | 5 |  5.0
Armour         | 1 4 |  4.0
Evocations     | 2 |  2.5
Stealth        | |  1.3

Action                     |  1- 3 |  4- 6 |  7- 9 || total
---------------------------+-------+-------+-------++-------
  Melee: Shortbow          |       |       |     3 ||     3
   Fire: Shortbow          |    73 |   160 |   149 ||   382
  Evoke: Wand              |       |       |     4 ||     4
    Use: Scroll            |     1 |     7 |       ||     8
         Potion            |       |       |     5 ||     5
 Armour: Leather armour    |    12 |    31 |    17 ||    60
  Dodge: Dodged            |    33 |   102 |    75 ||   210
         Repelled          |       |       |     2 ||     2

Table legend: (Time is in decaauts)
 A = Elapsed time spent in this place.
 B = Non-inter-level travel time spent in this place.
 C = Inter-level travel time spent in this place.
 D = Time resting spent in this place.
 E = Time spent auto-exploring this place.
 F = Levels seen in this place.
 G = Mean time per level.
                   A        B        C        D        E       F      G
               +--------+--------+--------+--------+--------+-----+--------+
         Total |   6521 |   6347 |    174 |   1361 |   4194 |   7 |  931.6 |
       Dungeon |   6514 |   6341 |    173 |   1361 |   4194 |   6 | 1085.7 |
        Temple |      6 |      6 |      0 |      0 |      0 |   1 |    6.0 |
               +--------+--------+--------+--------+--------+-----+--------+

Top non-repeatable levels by time:
     D:3: 1728 daAuts
     D:4: 1705 daAuts
     D:5: 1314 daAuts
     D:1: 856 daAuts
     D:2: 679 daAuts
     D:6: 230 daAuts
  Temple: 6 daAuts
